 Dungeon Crawl Stone Soup version 0.22-a0-254-gaf95ca0 (webtiles) character file.

23 HEYYEYAAE the Caller (level 2, -1/22 HPs)
             Began as a Demigod Summoner on Mar 4, 2018.
             Slain by an adder (2 damage)
             ... on level 2 of the Dungeon.
             The game lasted 00:01:43 (1110 turns).

HEYYEYAAE the Caller (Demigod Summoner)             Turns: 1110, Time: 00:01:44

Health: -1/22      AC:  2    Str: 11    XL:     2   Next: 57%
Magic:  2/7        EV: 13    Int: 19    God:
Gold:   58         SH:  0    Dex: 16    Spells: 4/5 levels left

rFire    . . .     SeeInvis .   (no weapon)
rCold    . . .     Gourm    .   (no shield)
rNeg     . . .     Faith    .   a - +0 robe
rPois    .         Spirit   .   (no helmet)
rElec    .         Reflect  .   (no cloak)
rCorr    .         Harm     .   (no gloves)
MR       .....                  (no boots)
Stlth    ++........             (no amulet)
HPRegen  0.07/turn              (no ring)
MPRegen  0.10/turn              (no ring)

@: no status effects
A: high mp 1
a: no special abilities


You were on level 2 of the Dungeon.
You were not hungry.

You visited 1 branch of the dungeon, and saw 2 of its levels.

You collected 58 gold pieces.

Inventory:

Armour
 a - a +0 robe (worn)
Scrolls
 b - 3 scrolls of fear {unknown}
 d - a scroll of enchant weapon {unknown}
 e - 4 scrolls of identify {unknown}
 g - 3 scrolls of enchant armour {unknown}
 h - a scroll of remove curse {unknown}
Potions
 f - a potion of heal wounds
Comestibles
 c - 2 rations
 i - 2 chunks of flesh


   Skills:
 + Level 0.5 Fighting
 + Level 0.5 Armour
 + Level 2.0 Dodging
 - Level 1.7 Stealth
 + Level 2.1 Spellcasting
 * Level 3.9 Summonings


You had 4 spell levels left.
You knew the following spells:

 Your Spells              Type           Power        Failure   Level  Hunger
a - Summon Small Mammal   Summ           ###.         3%          1    #......


Dungeon Overview and Level Annotations

Branches:
Dungeon (2/15)


Innate Abilities, Weirdness & Mutations

You have an increased reservoir of magic. (+10% MP)


Message History

The kobold throws a stone.
The stone barely misses you. The kobold hits you.
* * * LOW HITPOINT WARNING * * *
A bat comes into view.
The kobold hits you but does no damage.
The kobold throws a stone.
The stone barely misses you. The bat completely misses you.
You feel sick.
You are no longer poisoned.
The bat misses you. The adder barely misses you.
A quokka comes into view.
The bat misses you. The bat closely misses you. x2
Found a scroll labeled NAWKA FURHU.
The bat barely misses you. The bat hits you but does no damage.
The kobold throws a stone.
The stone completely misses you. The kobold hits you with a dagger.
* * * LOW HITPOINT WARNING * * *
The bat hits you.
* * * LOW HITPOINT WARNING * * *
The adder bites you.
You die...

#...#.# #...#r#
#..#.## #.....## .
#..... #..r.S.# ...
#.?#.## #..r<#.S....#
#.....#
....######...##.....#
.#>.######......r.(.#
###K.r...#..........#
######.#......@b.##
#K#.....KS.#.#
#r#.....S.Kr.#
#.####.#.....# #.#
#.#.K.#.#
#.####......##
#.KS###...K..#
###.####..(.## #.ยง#
#...#.#


You could see 2 adders, a quokka, a bat, 4 kobolds and a rat.

Vanquished Creatures
  A hobgoblin (D:1)
  2 kobolds (D:1)
  4 rats
7 creatures vanquished.

Vanquished Creatures (collateral kills)
  An adder (D:2)
  A dart slug (D:1)
  A leopard gecko (D:1)
  A goblin (D:1)
  A hobgoblin (D:1)
  4 jackals (D:2)
  2 kobolds (D:1)
  2 rats (D:1)
13 creatures vanquished.

Grand Total: 20 creatures vanquished

Notes
Turn   | Place    | Note
-------+----------+-------------------------------------------
     0 | D:1      | HEYYEYAAE the Demigod Summoner began the quest for the Orb.
     0 | D:1      | Reached XP level 1. HP: 14/14 MP: 5/5
     0 | D:1      | Noticed a draconian
     0 | D:1      | Noticed a felid
     0 | D:1      | Noticed a draconian
     2 | D:1      | Noticed a spriggan
     4 | D:1      | Noticed an elf
     7 | D:1      | Noticed a draconian
     8 | D:1      | Noticed a troll
    10 | D:1      | Noticed a vine stalker
    10 | D:1      | Noticed an ogre
    14 | D:1      | Noticed a ghoul
    14 | D:1      | Noticed a centaur
    16 | D:1      | Noticed an ogre
    16 | D:1      | Noticed a human
    16 | D:1      | Noticed a ghoul
    18 | D:1      | Noticed a formicid
   428 | D:1      | Reached XP level 2. HP: 15/20 MP: 4/7
  1110 | D:2      | HP: 1/22 [bat (1)]
  1110 | D:2      | Slain by an adder

Vault maps used:
D:1:      shiori_arrival_whats_in_store_for_you
D:2:      wad_river_or_something, nicolae_overflow_crystal_walls,
          guppyfry_early_lair_pool, uniq_terence, uniq_robin

Skill      XL: |  1  2 |
---------------+-------+-----
Spellcasting   | 2 |  2.1
Dodging        | 2 |  2.0
Fighting       | |  0.5
Armour         | |  0.5
Stealth        | |  1.7
Summonings     | |  3.9

Action                   || total
-------------------------++-------
Melee: Unarmed           ||    46
 Cast: Summon Small Mamm ||    39
  Use: Potion            ||     1
 Stab: Sleeping          ||     3
  Eat: Chunk             ||     1
Armor: Robe              ||     5
Dodge: Dodged            ||    39

Table legend:
 A = Spawn XP
 B = Non-spawn XP
 C = Spawn XP percentage of total XP
 D = Spawn monster count
 E = Non-spawn monster count
 F = Spawn count percentage of total count
 G = Total turns spent on level
                    A         B        C        D         E        F      G
               +---------+---------+-------+---------+---------+-------+---------
         Total |       0 |      34 |   0.0 |       0 |      20 |   0.0 |  1110
               +---------+---------+-------+---------+---------+-------+---------
           D:1 |       0 |      21 |   0.0 |       0 |      14 |   0.0 |   902
           D:2 |       0 |      13 |   0.0 |       0 |       6 |   0.0 |   208
               +---------+---------+-------+---------+---------+-------+---------
